[Event "Masters Tournament (MTO)"]
[Site "Biel, Switzerland"]
[Date "2026.07.20"]
[Round "7.43"]
[White "Oestmann, Lukas"]
[Black "Hornung, Hans"]
[Result "0-1"]
[TimeControl "100+30+30sec/move"]
[WhiteTitle "-"]
[BlackTitle "-"]
[WhiteFideId "1326457"]
[BlackFideId "4615140"]
[WhiteElo "1998"]
[BlackElo "1924"]

1. e4 e5 2. Nf3 Nc6 3. Bb5 a6 4.
Ba4 Nf6 5. O-O d6 6. Re1 Bd7 7. c3 g6 8. d4 Bg7 9. h3 O-O 10. Bc2 h6 11. Be3 Nh5 12. Qd2 g5 13. g4 Nf4 14.
Bxf4 gxf4 15. Kh2 Qf6 16. dxe5 Nxe5 17. Nxe5 Qxe5 18. Qd5 Bc6 19. Qxe5 dxe5 20. Nd2 Rfd8 21. Rad1 a5 22. Nf3 Kf8 23.
h4 Bd7 24. Kh3 h5 25. Nh2 Ke8 26. f3 Bf6 27. Rh1 a4 28. Kg2 Be6 29. gxh5 Ke7 30. Ng4 Rg8 31. Kf2 a3 32. Nxf6 Kxf6 33.
b3 Rh8 34. Bd3 Rxh5 35. Rh2 Rah8 36. Rdh1 b6 37. Ke2 Rg8 38. Kd2 Rg3 39. Be2 Kg6 40. c4 c5 41. Kc3 f5 42. exf5+ Bxf5 43.
b4 e4 44. bxc5 bxc5 45. Rf2 Kf6 46. Kb3 Rh8 47. Kxa3 Rb8 48. Bd1 Rg7 49. Bb3 e3 50. Rfh2 Rg3 51. Rf1 Bd3 52. Rd1 e2 53.
Re1 Rxf3 54. Kb2 Re3 55. Kc3 Be4+ 56. Kd2 Rd8+ 57. Kc1 f3 58. h5 Rc3+ 59. Kb2 Rcd3 60. Kc1 Ke5 61. h6 Rh8 62.
Kb2 Kd4 63. Bc2 Rd2 0-1

[Event "Masters Tournament (MTO)"]
[Site "Biel, Switzerland"]
[Date "2026.07.20"]
[Round "7.44"]
[White "Ruchat, Blaise"]
[Black "Wiesmann, Dominique"]
[Result "1-0"]
[TimeControl "100+30+30sec/move"]
[WhiteTitle "-"]
[BlackTitle "-"]
[WhiteFideId "1328921"]
[BlackFideId "1308262"]
[WhiteElo "1912"]
[BlackElo "1978"]

1. c4 d6 2. d4 e5 3. Nf3 e4 4. Ng5 f5 5. Nc3 Nf6 6. e3 c6 7. Be2 Be7 8. O-O O-O 9. f3 d5 10.
Qb3 h6 11. Nh3 g5 12. Nf2 Kg7 13. Bd2 b6 14. cxd5 cxd5 15. Rac1 exf3 16. gxf3 Nc6 17. Bb5 Na5 18. Qc2 Nc4 19.
Nd3 a6 20. Bxc4 dxc4 21. Ne5 Qc7 22. Ne2 Be6 23. Ng3 Nd5 24. e4 Nf6 25. exf5 Bd5 26. Ne4 b5 27. Be3 Qb7 28. Qd2 Nxe4 29.
fxe4 Bxe4 30. h4 Qd5 31. Ng6 Bf6 32. Nxf8 Rxf8 33. Qf2 gxh4 34. Kh2 Be7 35. Rce1 Bd6+ 36. Bf4 Rxf5 37. Qe3 Bg2 38. Rf2 h3 39. Qg3+ Rg5 40. Qe3 Rg4 41. Be5+ Bxe5+ 42. dxe5 Be4 43. Qa7+ Kg6 44. Qxa6+ Kh5 45. Qf6 Rg6 46. Qf4 Rg4 47. Qf6 Bg6 48. Rg1 Qd4 49. Rxg4 Qxg4 50. Qf3 Bf5 51.
Qxf5+ Qg6 52. Qf3+ 1-0

[Event "Masters Tournament (MTO)"]
[Site "Biel, Switzerland"]
[Date "2026.07.20"]
[Round "7.45"]
[White "Alsaleh, Eissa"]
[Black "Malli, Shiivesh Sunil"]
[Result "0-1"]
[TimeControl "100+30+30sec/move"]
[WhiteTitle "-"]
[BlackTitle "-"]
[WhiteFideId "10312463"]
[BlackFideId "1340409"]
[WhiteElo "1908"]
[BlackElo "1994"]

1. e4 c5 2. Nf3 Nc6 3. d4 cxd4 4. Nxd4 g6 5. Nc3 Bg7 6. Be3 d6 7. Qd2 Nf6 8. f3 h5 9. Be2 Bd7 10.
h4 a6 11. O-O-O b5 12. Nd5 Nxd5 13. Nxc6 Bxc6 14. exd5 Bd7 15. Kb1 Bf5 16. g4 hxg4 17. fxg4 Be4 18. Rhe1 Rc8 19. Bd3 Bf3 20.
Bg5 Bxd1 21. Rxe7+ Qxe7 22. Bxe7 Bxc2+ 23. Bxc2 Kxe7 24. Qe3+ Be5 25. Qa7+ Kf6 26. Qxa6 Rc5 27. b4 Rc4 28.
g5+ Kg7 29. Qxb5 Rhxh4 30. Kc1 Rh1+ 31. Kd2 Rh2+ 32. Kd3 Rcxc2 33. a4 Rc3+ 0-1

[Event "Masters Tournament (MTO)"]
[Site "Biel, Switzerland"]
[Date "2026.07.20"]
[Round "7.46"]
[White "Wenger, Arejou"]
[Black "Hajduk, Tomasz"]
[Result "1-0"]
[TimeControl "100+30+30sec/move"]
[WhiteTitle "-"]
[BlackTitle "-"]
[WhiteFideId "1336584"]
[BlackFideId "21811415"]
[WhiteElo "1873"]
[BlackElo "1921"]

1. e4 c5 2. Nf3 d6 3. d4 cxd4 4. Nxd4 Nf6 5. Nc3 a6 6. f3 e5 7. Nb3 Be6 8. Be3 Be7 9. Qd2 Nbd7 10.
g4 b5 11. g5 Nh5 12. O-O-O O-O 13. h4 Qc7 14. Bh3 Nb6 15. Na5 b4 16. Ne2 d5 17. Bg4 d4 18. Bxd4 exd4 19. Bxh5 Rfd8 20.
Kb1 Na4 21. Nb3 Bxb3 22. cxb3 Nc5 23. Nf4 Ne6 24. Nd5 Qb7 25. f4 Bc5 26. Rc1 Rxd5 27. exd5 Qxd5 28. Bg4 Rd8 29. Bxe6 Qxe6 30.
Rhe1 Qf5+ 31. Qc2 Qxc2+ 32. Rxc2 Bd6 33. Rd2 Bc5 34. Kc2 g6 35. Kd3 Bd6 36. Re4 Bc5 37. Rc2 Bb6 38. Rce2 Kg7 39.
Re8 Rd5 40. Rc8 Bc5 41. Ree8 1-0